 Dungeon Crawl Stone Soup version 0.17.0-57-g0e89251 (webtiles) character file.

3507 dohliylev the Covert (level 9, -11/65 HPs)
             Began as a Vampire Assassin on Dec 8, 2015.
             Was a Believer of Dithmenos.
             Killed by divine providence
             ... invoked by an orc priest
              (15 damage)
             ... on level 7 of the Dungeon.
             The game lasted 00:48:25 (8721 turns).

dohliylev the Covert (Vampire Assassin)             Turns: 8721, Time: 00:48:26

Health: -11/65     AC: 20    Str: 10    XL:     9   Next: 81%
Magic:  8/9        EV: 15    Int: 14    God:    Dithmenos [**....]
Gold:   539        SH:  7    Dex: 18    Spells: 1 memorised, 2 levels left

rFire  + . .     SeeInvis +     z - +2 dagger (protect)
rCold  . . .     Clarity  .     h - +2 ring mail {rF+}
rNeg   + . .     SustAt   .     v - +2 buckler
rPois  +         Gourm    .     x - +0 helmet
rElec  .         Spirit   .     G - +2 cloak {rPois}
rCorr  .         Warding  .     (no gloves)
rMut   .         Rnd*Tele +     (no boots)
MR     .....                    (no amulet)
Stlth  +++++++...               e - +4 ring of protection
                                A - ring of teleportation

@: wreathed by umbra, not resistant to hostile enchantments, extremely stealthy
A: fangs 3, see invisible, unbreathing
a: Bat Form, Shadow Step, Renounce Religion, Evoke Teleportation


You were on level 7 of the Dungeon.
You worshipped Dithmenos.
Dithmenos was pleased with you.
You were not thirsty.

You visited 2 branches of the dungeon, and saw 9 of its levels.

You collected 539 gold pieces.

Inventory:

Hand Weapons
 b - a +0 blowgun
 z - a +2 dagger of protection (weapon)
Missiles
 J - 12 poisoned needles
Armour
 c - a +0 robe
 h - a +2 ring mail of fire resistance (worn)
 u - a +0 cloak
 v - a +2 buckler (worn)
 x - a +0 helmet (worn)
 G - a +2 cloak of poison resistance (worn)
Jewellery
 e - a +4 ring of protection (right hand)
 j - an uncursed ring of flight {unknown}
 w - an uncursed ring of protection from fire
 A - a ring of teleportation (left hand)
Wands
 D - a wand of digging (11)
Scrolls
 a - 5 scrolls of remove curse
 i - 2 scrolls of teleportation
 k - a scroll of torment
 m - a scroll of fog
 o - 2 scrolls of blinking
 r - a scroll of identify
 t - 4 scrolls of amnesia
 C - a scroll of magic mapping {unknown}
 H - a scroll of fear {unknown}
 K - a scroll of enchant armour {unknown}
Potions
 d - a potion of degeneration {unknown}
 f - a potion of haste {unknown}
 g - 16 potions of blood
 l - 2 potions of might {unknown}
 n - 3 potions of heal wounds {unknown}
 p - 2 potions of curing {unknown}
 q - 2 potions of ambrosia {unknown}
 s - 2 potions of magic {unknown}
 B - 2 potions of lignification {unknown}
 E - a potion of poison {unknown}
Books
 I - a book of Party Tricks

   Spells                             Type                      Level
   a - Summon Butterflies             Summoning                    1
   b - Apportation                    Translocation                1
   c - Tukima's Dance                 Hexes                        3
   d - Alistair's Intoxication        Transmutation/Poison         4
   e - Invisibility                   Hexes                        6


   Skills:
 + Level 4.1 Fighting
 + Level 5.4 Short Blades
 + Level 3.4 Throwing
 + Level 1.7 Armour
 + Level 8.4 Dodging
 + Level 11.4 Stealth
 + Level 4.2 Shields
 * Level 5.0 Hexes
 + Level 0.1 Evocations


You had 2 spell levels left.
You knew the following spells:

 Your Spells              Type           Power        Failure   Level  Hunger
a - Invisibility          Hex            ##......     100%        6    #######


Dungeon Overview and Level Annotations

Branches:
Dungeon (8/15)             Temple (1/1) D:5
   Lair: D:8-11

Altars:
Ashenzari
Cheibriados
Dithmenos
Elyvilon
Fedhas
Gozag
Kikubaaqudgha
Makhleb
Nemelex Xobeh
Okawaru
Qazlal
Ru
Sif Muna
Trog
Vehumet
Xom
Yredelemnul
Zin
The Shining One

Annotations:
D:7 bollicks1999's ghost, novice MiFi


Innate Abilities, Weirdness & Mutations

You have razor-sharp teeth.
You have supernaturally acute eyesight.
You can survive without breathing.


Message History

The orc priest is almost dead.
The orc priest hits you but does no damage.
The orc hits you but does no damage.
You hit the orc priest.
The orc priest is almost dead.
You barely miss the orc priest.
The orc priest is almost dead.
The orc priest looks braver for a moment.
The orc hits you with a short sword.
* * * LOW HITPOINT WARNING * * *
You hit the orc priest but do no damage.
The orc priest is almost dead.
The orc priest hits you but does no damage.
You block the orc's attack.
You barely miss the orc priest.
You bite the orc priest, but do no damage.
The orc priest is almost dead.
The orc priest invokes the aid of Beogh against you.
Something smites you!
You die...

#.#.... #.#
#####
#.##.####.###
#.<.........#
##.#.#......#
#.#.#......#
#.#.#......#
#......<.###
#.....o)o#
#......@.#
#........#
#........#
######.#'######
#........#
#.......##
#......(#######
#.............#
#..........>..#


You could see an orc priest and an orc.

Vanquished Creatures
  Edmund (D:5)
  3 black bears
  An ice beast (D:5)
  5 ogres
  2 phantoms
  2 sky beasts
  2 centaurs (D:8)
  4 giant frogs
  A scorpion (D:8)
  5 killer bees (D:7)
  2 electric eels (D:6)
  3 crimson imps
  3 hounds
  A jelly (D:8)
  Crazy Yiuf (D:7)
  2 centaur skeletons
  3 giant frog skeletons
  4 orc priests
  A quasit (D:8)
  7 iguanas
  10 orc wizards
  6 worker ants
  Robin (D:3)
  6 adders
  10 gnolls
  2 shadow imps
  3 oozes
  An adder skeleton (D:5)
  4 adder zombies
  3 worms
  3 giant geckos
  45 orcs
  7 bats
  8 giant cockroaches
  24 goblins
  7 hobgoblins
  12 jackals
  2 quokkas
  A ball python (D:6)
  A giant cockroach zombie (D:5)
  A giant gecko skeleton (D:6)
  4 giant newts
  10 kobolds
  A quokka zombie (D:6)
  7 rats
232 creatures vanquished.

Notes
Turn   | Place    | Note
--------------------------------------------------------------
     0 | D:1      | dohliylev the Vampire Assassin began the quest for the Orb.
     0 | D:1      | Reached XP level 1. HP: 16/16 MP: 1/1
    24 | D:1      | Reached skill level 6 in Stealth
    90 | D:1      | Reached XP level 2. HP: 22/22 MP: 2/2
   544 | D:2      | Reached XP level 3. HP: 27/27 MP: 3/3
   948 | D:2      | Reached skill level 7 in Stealth
   948 | D:2      | Reached XP level 4. HP: 12/33 MP: 4/4
  1199 | D:3      | Found a faded altar to an unknown god.
  1686 | D:3      | Found a sparkling altar of Nemelex Xobeh.
  1744 | D:3      | Reached XP level 5. HP: 39/39 MP: 5/5
  2282 | D:3      | Noticed Robin
  2327 | D:3      | Killed Robin
  2563 | D:4      | Noticed a phantom
  2570 | D:4      | Killed a phantom
  2570 | D:4      | Reached skill level 8 in Stealth
  2570 | D:4      | Reached skill level 1 in Shields
  2570 | D:4      | Reached XP level 6. HP: 38/46 MP: 6/6
  3181 | D:4      | Reached skill level 9 in Stealth
  3414 | D:4      | Noticed an ogre
  3454 | D:4      | Killed an ogre
  3454 | D:4      | Reached XP level 7. HP: 43/51 MP: 7/7
  3576 | D:4      | Found a sparkling altar of Nemelex Xobeh.
  3845 | D:5      | Entered Level 5 of the Dungeon
  3922 | D:5      | Reached skill level 10 in Stealth
  4115 | D:5      | Found an opulent altar of Gozag.
  4650 | D:5      | Noticed Edmund
  4677 | D:5      | Killed Edmund
  4677 | D:5      | Reached skill level 5 in Dodging
  4677 | D:5      | Reached XP level 8. HP: 35/57 MP: 8/8
  5052 | D:5      | Found a staircase to the Ecumenical Temple.
  5058 | Temple   | Entered the Ecumenical Temple
  5063 | Temple   | Became a worshipper of Dithmenos the Shadowed
  5718 | D:6      | HP: 2/58 [iguana (4)]
  5937 | D:6      | Reached skill level 11 in Stealth
  6263 | D:6      | Reached * piety under Dithmenos
  6305 | D:6      | Reached XP level 9. HP: 64/64 MP: 9/9
  6574 | D:7      | Learned a level 6 spell: Invisibility
  6577 | D:7      | Noticed Crazy Yiuf
  6612 | D:7      | Killed Crazy Yiuf
  6612 | D:7      | Reached skill level 1 in Armour
  6842 | D:7      | Noticed bollicks1999's ghost (novice MiFi)
  6905 | D:7      | Reached skill level 1 in Hexes
  7503 | D:8      | Reached ** piety under Dithmenos
  7660 | D:8      | Reached skill level 5 in Short Blades
  8713 | D:7      | Reached skill level 5 in Hexes
  8719 | D:7      | HP: 3/65 [orc/short sword (4)]
  8721 | D:7      | Killed from afar by an orc priest

Action                   |  1- 3 |  4- 6 |  7- 9 || total
-------------------------+-------+-------+-------++-------
Melee: Dagger            |   109 |   170 |  1120 ||  1399
 Fire: Blowgun           |     3 |    58 |    14 ||    75
Throw: Throwing net      |       |       |     2 ||     2
 Abil: End Transformatio |       |       |     2 ||     2
       Bat Form          |       |       |     2 ||     2
       Evoke Teleportati |       |       |     4 ||     4
  Use: Potion            |       |     5 |    20 ||    25
       Scroll            |       |       |    11 ||    11
 Stab: Sleeping          |    15 |    20 |    20 ||    55
       Distracted        |       |     1 |     1 ||     2
